General information
- name: BNet
- type: Ladder team game (AT/RT)
- host: Battle.net
- saver: dogsandhorse.ru
map: Dragonblight
- players: 6
- length: 36:02
- speed: Fast
- version: 1.27 W3XP
- replay type:

» download(271 KB)
Players
team 1 (winner)
dogsandhorse.ru (
green | 108 APM | 3898 actions | 36:02)
7 Blademaster
3 Wind Walk
3 Critical Strike
1 Bladestorm
» actions
| Assign group hotkey | 25 | |
| Basic commands | 10 | |
| Build / train | 75 | |
| ESC pressed | 1 | |
| Enter build submenu | 38 | |
| Enter hero's abilities submenu | 7 | |
| Give item / drop item | 7 | |
| Remove unit from queue | 1 | |
| Right click | 2956 | |
| Select / deselect | 306 | |
| Select group hotkey | 176 | |
| Use ability | 294 | |
3898 total
» units
| Peon | 10 | |
| Troll Batrider | 24 | |
| Goblin Zeppelin | 1 | |
35 total
» upgrades
| Backpack | 0 | |
| Liquid Fire | 1 | |
| Reinforced Defenses | 1 | |
| Ranged Weapons | 1 | |
| Armor | 1 | |
4 total
» buildings
| Altar of Storms | 1 | |
| Orc Burrow | 4 | |
| War Mill | 1 | |
| Voodoo Lounge | 3 | |
| Watch Tower | 31 | |
| Stronghold | 3 | |
| Fortress | 2 | |
| Beastiary | 3 | |
48 total
» build order
00:08 Altar of Storms
00:22 Orc Burrow
00:53 War Mill
01:20 Voodoo Lounge
02:15 Watch Tower
02:39 Watch Tower
03:22 Watch Tower
03:39 Stronghold
03:40 Stronghold
03:43 Orc Burrow
03:52 Watch Tower
04:23 Orc Burrow
04:29 Watch Tower
04:31 Watch Tower
05:17 Orc Burrow
05:33 Voodoo Lounge
05:35 Voodoo Lounge
06:04 Fortress
06:08 Beastiary
07:21 Beastiary
08:38 Watch Tower
09:04 Watch Tower
11:45 Watch Tower
11:46 Watch Tower
11:47 Watch Tower
11:48 Watch Tower
11:49 Watch Tower
13:43 Watch Tower
13:44 Watch Tower
13:45 Watch Tower
13:45 Watch Tower
15:07 Watch Tower
15:12 Watch Tower
15:12 Watch Tower
15:13 Watch Tower
15:13 Watch Tower
15:14 Watch Tower
15:39 Beastiary
16:13 Watch Tower
16:14 Watch Tower
16:16 Watch Tower
16:16 Watch Tower
18:40 Watch Tower
18:40 Watch Tower
18:41 Watch Tower
18:42 Watch Tower
» items
| Boots of Speed | 1 | |
| Staff of Teleportation | 1 | |
| Healing Salve | 4 | |
| Lesser Clarity Potion | 10 | |
| Potion of Healing | 3 | |
| Orb of Lightning | 1 | |
| Scroll of Town Portal | 1 | |
21 total
EntitldMilenial (
yellow | 97 APM | 3503 actions | 36:00)
6 Warden
2 Shadow Strike
3 Blink
1 Spirit of Vengeance
» actions
| Assign group hotkey | 192 | |
| Basic commands | 7 | |
| Build / train | 85 | |
| ESC pressed | 8 | |
| Enter build submenu | 22 | |
| Enter hero's abilities submenu | 7 | |
| Give item / drop item | 1 | |
| Right click | 2209 | |
| Select / deselect | 425 | |
| Select group hotkey | 377 | |
| Use ability | 164 | |
3503 total
» units
» upgrades
| Nature's Blessing | 1 | |
| Well Spring | 1 | |
| Ultravision | 1 | |
3 total
» buildings
| Altar of Elders | 1 | |
| Moon Well | 8 | |
| Ancient of Wonders | 2 | |
| Tree of Ages | 1 | |
| Tree of Eternity | 2 | |
| Tree of Life | 5 | |
| Hunter's Hall | 1 | |
20 total
» build order
00:06 Altar of Elders
00:23 Moon Well
01:34 Moon Well
05:21 Moon Well
05:32 Ancient of Wonders
05:39 Ancient of Wonders
06:09 Moon Well
07:18 Moon Well
08:07 Tree of Ages
08:55 Moon Well
10:40 Tree of Eternity
10:40 Tree of Eternity
13:34 Tree of Life
16:57 Tree of Life
17:08 Tree of Life
18:24 Hunter's Hall
19:50 Moon Well
19:52 Moon Well
25:17 Tree of Life
31:49 Tree of Life
» items
| Staff of Teleportation | 1 | |
| Boots of Speed | 1 | |
| Healing Salve | 2 | |
| Orb of Lightning | 1 | |
| Scroll of Town Portal | 1 | |
| Lesser Clarity Potion | 1 | |
| Potion of Healing | 1 | |
| Potion of Mana | 1 | |
9 total
iggy_the_fisk (
orange | 126 APM | 4541 actions | 36:00)
5 Archmage
3 Blizzard
2 Brilliance Aura
5 Blood Mage
3 Flame Strike
2 Siphon Mana
3 Pit Lord
2 Rain of Fire
1 Cleaving Attack
» actions
| Assign group hotkey | 469 | |
| Basic commands | 105 | |
| Build / train | 154 | |
| Enter build submenu | 133 | |
| Enter hero's abilities submenu | 13 | |
| Give item / drop item | 6 | |
| Remove unit from queue | 1 | |
| Right click | 1756 | |
| Select / deselect | 517 | |
| Select group hotkey | 1077 | |
| Use ability | 307 | |
4541 total
» units
» upgrades
| Masonry | 3 | |
| Lumber Harvesting | 2 | |
| Magic Sentry | 1 | |
6 total
» buildings
| Altar of Kings | 1 | |
| Farm | 3 | |
| Scout Tower | 130 | |
| Lumber Mill | 1 | |
| Arcane Tower | 19 | |
| Guard Tower | 64 | |
| Arcane Vault | 3 | |
| Keep | 1 | |
| Town Hall | 4 | |
| Castle | 1 | |
| Arcane Sanctum | 1 | |
228 total
» build order
00:03 Altar of Kings
00:21 Farm
00:47 Scout Tower
01:01 Lumber Mill
01:09 Scout Tower
01:14 Scout Tower
01:22 Scout Tower
01:22 Arcane Tower
01:34 Scout Tower
01:38 Scout Tower
01:50 Farm
01:55 Arcane Tower
01:57 Scout Tower
02:12 Arcane Tower
02:12 Arcane Tower
02:13 Arcane Tower
02:19 Guard Tower
02:21 Scout Tower
02:26 Scout Tower
02:35 Guard Tower
02:43 Scout Tower
02:47 Scout Tower
02:48 Guard Tower
03:00 Guard Tower
03:04 Scout Tower
03:38 Arcane Vault
03:39 Guard Tower
03:40 Guard Tower
03:42 Scout Tower
03:43 Scout Tower
03:46 Guard Tower
03:51 Arcane Vault
03:59 Farm
04:03 Keep
04:12 Guard Tower
04:14 Guard Tower
04:14 Guard Tower
04:27 Arcane Vault
05:05 Scout Tower
05:29 Town Hall
05:35 Town Hall
05:47 Scout Tower
05:47 Scout Tower
05:50 Scout Tower
05:53 Scout Tower
05:54 Guard Tower
06:02 Scout Tower
06:03 Scout Tower
06:04 Scout Tower
06:04 Guard Tower
06:42 Guard Tower
06:43 Scout Tower
06:49 Scout Tower
07:29 Town Hall
07:31 Guard Tower
07:32 Scout Tower
07:33 Scout Tower
07:43 Guard Tower
08:31 Guard Tower
08:34 Scout Tower
08:35 Scout Tower
09:04 Guard Tower
09:21 Scout Tower
09:22 Scout Tower
09:32 Arcane Tower
09:32 Guard Tower
09:33 Scout Tower
09:34 Scout Tower
09:57 Castle
10:01 Arcane Sanctum
10:16 Arcane Tower
10:21 Guard Tower
10:24 Scout Tower
10:26 Scout Tower
10:30 Guard Tower
10:31 Scout Tower
10:31 Scout Tower
11:18 Arcane Tower
11:24 Guard Tower
11:26 Scout Tower
11:35 Guard Tower
11:37 Scout Tower
13:11 Guard Tower
13:15 Scout Tower
13:19 Scout Tower
13:20 Scout Tower
13:28 Scout Tower
13:41 Scout Tower
13:41 Scout Tower
13:42 Scout Tower
13:43 Scout Tower
13:55 Guard Tower
14:04 Guard Tower
14:07 Scout Tower
14:08 Scout Tower
14:12 Scout Tower
14:14 Scout Tower
14:14 Scout Tower
14:18 Guard Tower
14:18 Scout Tower
14:21 Scout Tower
14:33 Guard Tower
14:35 Scout Tower
14:36 Arcane Tower
14:41 Guard Tower
14:41 Scout Tower
14:42 Scout Tower
14:45 Arcane Tower
15:00 Guard Tower
15:02 Scout Tower
15:03 Scout Tower
15:04 Scout Tower
15:06 Guard Tower
15:08 Scout Tower
15:09 Scout Tower
15:13 Arcane Tower
15:16 Guard Tower
15:18 Scout Tower
15:23 Scout Tower
15:24 Scout Tower
15:26 Scout Tower
15:28 Scout Tower
15:28 Scout Tower
15:41 Guard Tower
15:44 Scout Tower
15:45 Scout Tower
16:15 Guard Tower
16:18 Guard Tower
16:20 Scout Tower
16:20 Scout Tower
16:21 Scout Tower
16:24 Guard Tower
16:28 Scout Tower
16:29 Scout Tower
16:29 Scout Tower
16:53 Guard Tower
16:55 Arcane Tower
17:02 Scout Tower
17:19 Guard Tower
17:21 Scout Tower
17:44 Arcane Tower
17:46 Scout Tower
17:48 Scout Tower
18:14 Guard Tower
18:17 Scout Tower
18:18 Scout Tower
18:20 Guard Tower
18:22 Scout Tower
18:23 Scout Tower
18:24 Scout Tower
18:25 Scout Tower
18:26 Scout Tower
18:41 Scout Tower
18:41 Scout Tower
18:43 Scout Tower
18:43 Scout Tower
18:44 Scout Tower
18:54 Guard Tower
19:05 Guard Tower
19:08 Arcane Tower
19:33 Guard Tower
19:36 Scout Tower
19:37 Scout Tower
19:46 Guard Tower
19:57 Scout Tower
19:58 Scout Tower
19:59 Scout Tower
20:00 Guard Tower
20:07 Guard Tower
20:25 Guard Tower
20:34 Guard Tower
20:40 Scout Tower
20:41 Scout Tower
20:41 Scout Tower
21:12 Town Hall
21:14 Scout Tower
21:15 Scout Tower
21:16 Scout Tower
21:17 Guard Tower
21:18 Scout Tower
21:19 Scout Tower
21:20 Scout Tower
21:27 Guard Tower
21:29 Scout Tower
21:30 Scout Tower
22:09 Guard Tower
22:11 Guard Tower
22:14 Arcane Tower
22:14 Guard Tower
22:33 Guard Tower
23:17 Guard Tower
23:18 Scout Tower
23:19 Scout Tower
23:21 Scout Tower
23:42 Scout Tower
23:42 Scout Tower
23:43 Scout Tower
23:46 Arcane Tower
23:49 Scout Tower
23:51 Scout Tower
23:55 Guard Tower
24:11 Arcane Tower
24:18 Guard Tower
24:19 Guard Tower
24:21 Scout Tower
24:22 Scout Tower
24:23 Scout Tower
24:23 Scout Tower
25:04 Guard Tower
25:35 Scout Tower
25:36 Scout Tower
26:37 Guard Tower
26:43 Scout Tower
26:46 Scout Tower
26:48 Scout Tower
26:50 Scout Tower
26:51 Scout Tower
26:53 Guard Tower
27:33 Scout Tower
28:19 Guard Tower
28:21 Scout Tower
28:27 Guard Tower
28:46 Arcane Tower
29:05 Guard Tower
29:23 Arcane Tower
31:32 Scout Tower
31:33 Scout Tower
32:53 Guard Tower
» items
| Moonstone | 1 | |
| Healing Salve | 2 | |
| Scroll of Speed | 1 | |
| Boots of Speed | 3 | |
| Staff of Teleportation | 3 | |
| Orb of Lightning | 3 | |
| Lesser Clarity Potion | 1 | |
| Staff of Sanctuary | 3 | |
| Circlet of Nobility | 1 | |
| Periapt of Vitality | 2 | |
| Scroll of Regeneration | 1 | |
21 total
team 2 (loser)
DarK-PuNiShER (
red | 80 APM | 2868 actions | 36:00)
4 Demon Hunter
2 Mana Burn
2 Evasion
2 Naga Sea Witch
1 Frost Arrows
1 Forked Lightning
» actions
| Assign group hotkey | 47 | |
| Basic commands | 6 | |
| Build / train | 75 | |
| ESC pressed | 2 | |
| Enter build submenu | 23 | |
| Enter hero's abilities submenu | 6 | |
| Give item / drop item | 2 | |
| Right click | 1303 | |
| Select / deselect | 398 | |
| Select group hotkey | 936 | |
| Use ability | 70 | |
2868 total
» units
| Wisp | 15 | |
| Archer | 17 | |
| Dryad | 5 | |
| Mountain Giant | 1 | |
| Druid of the Claw | 5 | |
| Chimaera | 3 | |
46 total
» upgrades
| Strength of the Moon | 1 | |
| Druid of the Claw Training | 2 | |
| Reinforced Hides | 2 | |
| Strength of the Wild | 3 | |
| Mark of the Claw | 1 | |
| Improved Bows | 1 | |
| Marksmanship | 1 | |
| Corrosive Breath | 1 | |
12 total
» buildings
| Altar of Elders | 1 | |
| Moon Well | 8 | |
| Ancient of War | 1 | |
| Hunter's Hall | 1 | |
| Tree of Ages | 1 | |
| Ancient of Lore | 2 | |
| Ancient of Wonders | 1 | |
| Tree of Eternity | 1 | |
| Tree of Life | 2 | |
| Ancient of Wind | 1 | |
| Chimaera Roost | 4 | |
23 total
» build order
00:05 Altar of Elders
00:07 Moon Well
00:10 Ancient of War
02:05 Moon Well
03:56 Moon Well
04:37 Hunter's Hall
04:39 Tree of Ages
07:03 Ancient of Lore
07:10 Ancient of Lore
07:12 Moon Well
08:18 Ancient of Wonders
08:38 Tree of Eternity
11:43 Moon Well
11:55 Moon Well
15:52 Moon Well
18:10 Moon Well
20:00 Tree of Life
23:56 Tree of Life
27:15 Ancient of Wind
28:31 Chimaera Roost
28:36 Chimaera Roost
29:31 Chimaera Roost
29:37 Chimaera Roost
» items
| Boots of Speed | 1 | |
| Potion of Healing | 4 | |
| Orb of Venom | 1 | |
| Potion of Mana | 1 | |
7 total
paralamusica (
pink | 31 APM | 1016 actions | 33:12)
2 Blademaster
1 Wind Walk
1 Critical Strike
» actions
| Build / train | 40 | |
| Enter build submenu | 26 | |
| Enter hero's abilities submenu | 2 | |
| Right click | 594 | |
| Select / deselect | 288 | |
| Use ability | 66 | |
1016 total
» units
» buildings
| Altar of Storms | 1 | |
| Orc Burrow | 6 | |
| Voodoo Lounge | 1 | |
| War Mill | 1 | |
| Great Hall | 4 | |
| Watch Tower | 7 | |
20 total
» build order
00:05 Altar of Storms
00:08 Orc Burrow
02:14 Voodoo Lounge
04:07 War Mill
04:30 Orc Burrow
05:12 Orc Burrow
16:15 Great Hall
16:21 Great Hall
19:53 Great Hall
19:57 Watch Tower
20:21 Orc Burrow
20:27 Watch Tower
21:16 Watch Tower
21:35 Watch Tower
22:22 Watch Tower
23:18 Orc Burrow
25:28 Great Hall
31:29 Orc Burrow
31:54 Watch Tower
31:57 Watch Tower
» items
| Healing Salve | 2 | |
| Scroll of Speed | 2 | |
4 total
Titoluigi (
teal | 125 APM | 4359 actions | 34:50)
6 Death Knight
3 Death Coil
2 Unholy Aura
1 Animate Dead
3 Lich
2 Frost Nova
1 Dark Ritual
» actions
| Assign group hotkey | 32 | |
| Basic commands | 307 | |
| Build / train | 60 | |
| Enter build submenu | 18 | |
| Enter hero's abilities submenu | 9 | |
| Give item / drop item | 3 | |
| Right click | 1629 | |
| Select / deselect | 456 | |
| Select group hotkey | 1737 | |
| Use ability | 106 | |
4359 total
» units
| Acolyte | 2 | |
| Ghoul | 3 | |
| Crypt Fiend | 9 | |
| Frost Wyrm | 8 | |
22 total
» upgrades
| Creature Attack | 3 | |
| Creature Carapace | 3 | |
| Web | 1 | |
| Freezing Breath | 1 | |
8 total
» buildings
| Crypt | 1 | |
| Ziggurat | 10 | |
| Altar of Darkness | 1 | |
| Tomb of Relics | 1 | |
| Graveyard | 1 | |
| Halls of the Dead | 1 | |
| Black Citadel | 1 | |
| Sacrificial Pit | 1 | |
| Boneyard | 2 | |
19 total
» build order
00:07 Crypt
00:09 Ziggurat
00:19 Altar of Darkness
00:45 Ziggurat
00:48 Tomb of Relics
01:02 Graveyard
01:48 Halls of the Dead
02:42 Ziggurat
03:23 Ziggurat
04:09 Black Citadel
04:12 Sacrificial Pit
06:56 Boneyard
06:58 Boneyard
07:24 Ziggurat
07:25 Ziggurat
07:26 Ziggurat
09:08 Ziggurat
09:10 Ziggurat
22:01 Ziggurat
» items
| Rod of Necromancy | 2 | |
| Dust of Appearance | 2 | |
| Scroll of Town Portal | 2 | |
| Healing Salve | 1 | |
| Lesser Clarity Potion | 3 | |
| Potion of Healing | 1 | |
| Orb of Corruption | 1 | |
| Boots of Speed | 1 | |
13 total
Chat log
(05:02 / All) dogsandhorse.ru: You've been Jacked OFf
(14:43 / All) iggy_the_fisk: noobs?
(14:47 / All) dogsandhorse.ru: take a break for a sec
(17:08 / All) dogsandhorse.ru: from?
(18:34 / All) dogsandhorse.ru: hi
(18:35 / All) dogsandhorse.ru: from?
(25:59 / All) iggy_the_fisk: noobs?
(26:31 / All) iggy_the_fisk: why lose army??
(32:46 / All) iggy_the_fisk: bye UD NOOB
(33:34 / All) dogsandhorse.ru: bye
(33:36 / All) dogsandhorse.ru: "bb"
(33:38 / All) iggy_the_fisk: titoluigi threw the game for u
(33:47 / All) iggy_the_fisk: u feed him everything and he just throws it in the garbage can
(33:52 / All) dogsandhorse.ru: i'm a fan of DaRkPuNiSh play
(34:07 / All) Titoluigi: m2...
(34:19 / All) dogsandhorse.ru: stop
(34:21 / All) dogsandhorse.ru: no tower play
(34:23 / All) iggy_the_fisk: if he has a mailing list I would like to ParTaKE
(34:37 / All) iggy_the_fisk: best micro u had all game
(34:43 / All) dogsandhorse.ru: nice clicking!!!
(34:50 / All) dogsandhorse.ru: https://highper.ch/
(34:55 / All) dogsandhorse.ru: https://youtube.com/highperdch
(34:58 / All) dogsandhorse.ru: HIGHPERCH